 Dungeon Crawl Stone Soup version 0.30-a0-373-gd37427bb62 (webtiles) character file.

Game seed: 11218585767450739219

2013 timneilson the Covered (level 9, -1/54 HPs)
             Began as a Gargoyle Fighter on Nov 24, 2022.
             Was an Initiate of Qazlal.
             Slain by an ogre
             ... wielding a +0 giant spiked club
              (18 damage)
             ... on level 7 of the Dungeon.
             The game lasted 00:10:59 (6265 turns).

timneilson the Covered (Gargoyle Fighter)           Turns: 6265, Time: 00:10:59

Health: -1/54      AC: 15    Str: 29    XL:     9   Next: 22%
Magic:  10/10      EV: 10    Int: 10    God:    Qazlal [......]
Gold:   399        SH: 11    Dex:  9    Spells: 8/8 levels left

rFire   . . .      SeeInvis .    A - +0 scimitar
rCold   + . .      Faith    .    c - +1 buckler
rNeg    + . .      Spirit   .    b - +0 scale mail
rPois   ∞          Reflect  +    (no helmet)
rElec   +          Harm     .    (no cloak)
rCorr   .          Rampage  .    i - +0 pair of gloves
Will    .....                    (no boots)
Stlth   ..........               n - amulet of reflection
HPRegen 0.29/turn                l - +6 ring of strength
MPRegen 0.12/turn                e - ring of protection from cold

@: no status effects
A: sickness immunity, AC +6, negative energy resistance 1, electricity
resistance, torment resistance 1, petrification resistance
a: Renounce Religion


You were on level 7 of the Dungeon.
You worshipped Qazlal.
Qazlal was noncommittal.
You visited 1 branch of the dungeon, and saw 7 of its levels.

You collected 399 gold pieces.

Inventory:

Hand Weapons
 a - a +1 long sword
 A - a +0 scimitar (weapon)
Armour
 b - a +0 scale mail (worn)
 c - a +1 buckler (worn)
 i - a +0 pair of gloves (worn)
Jewellery
 e - a ring of protection from cold (right hand)
 l - a +6 ring of strength (left hand)
 n - an amulet of reflection (around neck)
 x - a ring of wizardry
Wands
 q - a wand of flame (37)
 t - a wand of digging (7)
Scrolls
 f - a scroll of poison
 o - a scroll of magic mapping
 p - 2 scrolls of teleportation
 v - a scroll of enchant armour
 y - a scroll of fog
Potions
 d - 3 potions of might
 g - 2 potions of curing
 h - 2 potions of attraction
 j - a potion of cancellation
 k - a potion of magic {unknown}
 m - 2 potions of flight
 w - a potion of degeneration {unknown}
 z - a potion of mutation {unknown}
 B - a potion of resistance {unknown}


   Skills:
 + Level 5.4 Fighting
 * Level 5.5 Long Blades
 * Level 7.1 Armour
 + Level 3.0 Dodging
 * Level 7.1 Shields
 + Level 1.7 Invocations
 + Level 1.3 Evocations


You had 8 spell levels left.
You didn't know any spells.
Your spell library contained the following spells:

 Spells                   Type           Power      Damage    Failure   Level
 Blink                    Tloc           0%         N/A       80%         2
 Momentum Strike          Conj/Tloc      0%         3d8       80%         2
 Lesser Beckoning         Tloc           0%         N/A       95%         3


Dungeon Overview and Level Annotations

Branches:
Dungeon (7/15)
 Temple: D:4-7

Altars:
Fedhas
Qazlal
Ru
Uskayaw

Shops:
D:7 (


Innate Abilities, Weirdness & Mutations

You are immune to sickness and miasma.
Your stone body is resilient. (AC +6)
You are immune to poison.
You resist negative energy. (rN+)
You are resistant to electric shocks. (rElec)
You are resistant to unholy torment.
You are immune to petrification.


Message History

Your +0 pair of gloves unmelds from your body.
Your +0 scale mail unmelds from your body.
k - a sapphire potion You now have 399 gold pieces (gained 26).
Things that are here:
a +0 spear; a +0 scale mail You feel a little less clever now.
HP restored.
An ogre comes into view. It is wielding a +0 giant spiked club.
Found 7 stones.
Found a hide-covered altar of Uskayaw.
The ogre shouts!
The ogre moves out of view.
The ogre barely misses you.
You hit the ogre.
The ogre is lightly wounded.
The ogre barely misses you.
You barely miss the ogre.
The ogre is lightly wounded.
The ogre hits you with a +0 giant spiked club!
You hit the ogre.
The ogre is lightly wounded.
The ogre hits you with a +0 giant spiked club!
You hit the ogre.
The ogre is lightly wounded.
You slash the ogre!
The ogre is heavily wounded.
The ogre hits you with a +0 giant spiked club!
* * * LOW HITPOINT WARNING * * *
You closely miss the ogre.
The ogre is heavily wounded.
You block the ogre's attack.
You barely miss the ogre.
The ogre is heavily wounded.
You block the ogre's attack.
You completely miss the ogre.
The ogre is heavily wounded.
You slash the ogre!
The ogre is severely wounded.
The ogre hits you with a +0 giant spiked club!!
You die...

#.#.# ≈.# ≈ #.#.#
≈.#.≈.. #.#.# ≈.#.≈.##
#.#.####≈.#.≈.#.
#.#......≈.#.≈.( #
#.####.#.≈.#.≈_. .# #.#
#...≈.#.≈≈≈ ≈.# ..#
#.#.≈.#...O####.≈.# ###
#.#.≈.#####@....≈.# ###
#.#.≈......≈≈≈≈≈≈.#
..####.#.≈≈≈≈≈≈≈.......#
.....#.#........########
####.#...######..#...#
#.##...## ##.....#
#.......#####.###.#
#.#........)..#
####.#.....#####.#


You could see an ogre.

Vanquished Creatures
  A deep elf zephyrmancer (D:7)
  Sigmund (D:2)
  An ice beast (D:7)
  A black bear (D:7)
  An ogre (D:5)
  A centaur (D:6)
  Blork the orc (D:6)
  A bullfrog (D:6)
  2 scorpions
  A necrophage (D:6)
  A gnoll sergeant (D:7)
  A howler monkey (D:5)
  3 jellies
  A hound (D:6)
  Ijyb (D:3)
  3 iguanas
  Natasha (twice) (D:3)
  2 orc wizards (D:4)
  4 gnolls (D:6)
  4 adders
  3 shadow imps
  3 white imps
  2 ufetubi
  2 worms
  4 dart slugs
  9 orcs
  4 ball pythons
  3 bats
  8 endoplasms
  2 giant cockroaches
  13 goblins
  7 hobgoblins
  4 jackals (D:3)
  6 quokkas
  3 frilled lizards (D:1)
  2 kobolds
  2 rats (D:1)
110 creatures vanquished.

Vanquished Creatures (collateral kills)
  The ghost of Encipher the Chopper, an amateur AtWr (D:5)
1 creature vanquished.

Vanquished Creatures (others)
  A fungus (D:7)
  3 plants (D:2)
4 creatures vanquished.

Grand Total: 115 creatures vanquished

Notes
Turn   | Place    | Note
-------+----------+-------------------------------------------
     0 | D:1      | timneilson the Gargoyle Fighter began the quest for the
                  | Orb.
     0 | D:1      | Reached XP level 1. HP: 14/14 MP: 1/1
   248 | D:1      | Reached XP level 2. HP: 10/19 MP: 2/2
   532 | D:1      | Reached XP level 3. HP: 23/23 MP: 3/3
   543 | D:1      | Found a faded altar of an unknown god.
  1153 | D:2      | Noticed Sigmund
  1161 | D:2      | Killed Sigmund
  1162 | D:2      | Reached skill level 1 in Dodging
  1162 | D:2      | Reached XP level 4. HP: 29/29 MP: 4/4
  1162 | D:2      | Reached XP level 5. HP: 33/33 MP: 5/5
  1912 | D:3      | Noticed Natasha
  1922 | D:3      | Killed Natasha
  1923 | D:3      | Reached XP level 6. HP: 23/38 MP: 6/6
  2386 | D:3      | Found a sacrificial altar of Ru.
  2472 | D:3      | Noticed Ijyb
  2494 | D:3      | Killed Ijyb
  2631 | D:3      | Noticed Natasha
  2646 | D:3      | Killed Natasha
  3426 | D:4      | Reached skill level 5 in Armour
  3447 | D:4      | Reached skill level 5 in Shields
  3610 | D:5      | Entered Level 5 of the Dungeon
  3615 | D:5      | Reached XP level 7. HP: 38/43 MP: 7/7
  4353 | D:5      | Found a runed translucent gate.
  4353 | D:5      | Found a runed translucent gate.
  4353 | D:5      | Found a runed translucent gate.
  4355 | D:5      | Noticed Encipher's ghost (amateur AtWr)
  4518 | D:5      | Killed Encipher's ghost
  4519 | D:5      | Reached XP level 8. HP: 26/48 MP: 8/8
  4911 | D:6      | Noticed Blork the orc
  4934 | D:6      | Killed Blork the orc
  4948 | D:6      | Reached skill level 5 in Fighting
  5060 | D:6      | Found a blossoming altar of Fedhas.
  5065 | D:6      | Found a stormy altar of Qazlal.
  5103 | D:6      | Became a worshipper of Qazlal Stormbringer
  5495 | D:6      | Reached skill level 5 in Long Blades
  5716 | D:7      | Found Lixipp's Weapon Shoppe.
  5880 | D:7      | Noticed a deep elf zephyrmancer
  5916 | D:7      | Killed a deep elf zephyrmancer
  5917 | D:7      | Reached skill level 1 in Invocations
  5917 | D:7      | Reached skill level 1 in Evocations
  5917 | D:7      | Reached XP level 9. HP: 21/54 MP: 8/10
  6254 | D:7      | Found a hide-covered altar of Uskayaw.
  6265 | D:7      | Slain by an ogre

Illustrated notes

Levels and vault maps discovered:
D:1:      pf_arrival_petrified_forest, layout_loops_cross,
          hellmonk_ecumenical_altar_zigzags
D:2:      layout_loops_ring, serial_forest, infiniplex_forest_end_1,
          infiniplex_forest_lined_4_way, infiniplex_forest_lined_room_,
          infiniplex_forest_clump_diagonal, infiniplex_forest_corner_1,
          infiniplex_forest_end_3, infiniplex_forest_corner_1,
          infiniplex_forest_clump_long, uniq_sigmund
D:3:      kennysheep_the_goblin_king, layout_basic, lemuel_crystal_altar,
          uniq_natasha
D:4:      layout_gridville
D:5:      layout_rooms, ebering_ghost_rock_garden
D:6:      layout_basic, grunt_temple_overflow_forces_of_nature,
          minmay_temple_entry_from_below_a, small_statue_intersection,
          uniq_blork_the_orc
D:7:      layout_loops_ring, nicolae_overflow_squiral, serial_shops,
          nicolae_shop_bloodbath_and_beyond, guppyfry_early_elven_hall,
          uniq_crazy_yiuf_cottage

Skill      XL: |  1  2  3  4  5  6  7  8 |
---------------+-------------------------+-----
Long Blades    | 2 3 4 5 |  5.5
Armour         | 4 5 7 |  7.1
Dodging        | 1 2 3 |  3.0
Shields        | 4 5 7 |  7.1
Fighting       | 4 5 |  5.4
Invocations    | 1 |  1.7
Evocations     | 1 |  1.3

Action                   |  1- 3 |  4- 6 |  7- 9 || total
-------------------------+-------+-------+-------++-------
Melee: Long sword        |    91 |   227 |   189 ||   507
       Scimitar          |       |       |   133 ||   133
  Use: Scroll            |     5 |     6 |     4 ||    15
       Potion            |     1 |       |     5 ||     6
Armor: Scale mail        |    38 |    99 |   124 ||   261
       Skin              |       |       |    17 ||    17
Dodge: Dodged            |    39 |    78 |   105 ||   222
Block: Buckler           |    16 |    84 |   218 ||   318
       Reflection        |       |     4 |     2 ||     6

Table legend: (Time is in decaauts)
 A = Elapsed time spent in this place.
 B = Non-inter-level travel time spent in this place.
 C = Inter-level travel time spent in this place.
 D = Time resting spent in this place.
 E = Time spent auto-exploring this place.
 F = Levels seen in this place.
 G = Mean time per level.
                   A        B        C        D        E       F      G
               +--------+--------+--------+--------+--------+-----+--------+
         Total |   6432 |   6177 |    255 |    246 |   4512 |   7 |  918.9 |
       Dungeon |   6432 |   6177 |    255 |    246 |   4512 |   7 |  918.9 |
               +--------+--------+--------+--------+--------+-----+--------+

Top non-repeatable levels by time:
     D:3: 1118 daAuts
     D:4: 1043 daAuts
     D:6: 949 daAuts
     D:5: 917 daAuts
     D:2: 897 daAuts
     D:1: 797 daAuts
     D:7: 709 daAuts
